 Dungeon Crawl Stone Soup version 0.17-a0-1663-gb806841 (webtiles) character file.

28 kae the Grave Robber (level 3, 0/24 HPs)
             Began as a Demonspawn Necromancer on Aug 16, 2015.
             Slain by a worm (4 damage)
             ... on level 2 of the Dungeon.
             The game lasted 00:01:24 (1315 turns).

kae the Grave Robber (Demonspawn Necromancer)       Turns: 1315, Time: 00:01:24

Health: 0/24       AC:  2    Str:  8    XL:     3   Next: 0%
Magic:  6/6        EV:  7    Int: 17    God:
Gold:   62         SH:  0    Dex: 13    Spells: 2 memorised, 5 levels left

rFire  . . .     SeeInvis .     e - +0 whip
rCold  . . .     Clarity  .     a - +0 robe
rNeg   . . .     SustAt   .     (no shield)
rPois  .         Gourm    .     (no helmet)
rElec  .         Spirit   .     (no cloak)
rCorr  .         Warding  .     (no gloves)
rMut   .         Stasis   .     (no boots)
MR     .....                    (no amulet)
Stlth  ++........               (no ring)
                                (no ring)

@: not resistant to hostile enchantments, unstealthy
A: claws 1, powered by pain 1
a: no special abilities


You were on level 2 of the Dungeon.
You were hungry.

You visited 1 branch of the dungeon, and saw 2 of its levels.

You collected 62 gold pieces.

Inventory:

Hand weapons
 e - a +0 whip (weapon)
Armour
 a - a +0 robe (worn)
Jewellery
 g - an uncursed ring of sustain attributes {unknown}
Scrolls
 d - 2 scrolls of noise {unknown}
 f - 3 scrolls of remove curse {unknown}
 h - a scroll of magic mapping {unknown}
Potions
 j - 2 potions of curing {unknown}
Books
 b - a book of Necromancy

   Spells                             Type                      Level
   a - Pain                           Necromancy                   1
   b - Animate Skeleton               Necromancy                   1
   c - Vampiric Draining              Necromancy                   3
   d - Regeneration                   Charms/Necromancy            3
   e - Animate Dead                   Necromancy                   4
   f - Control Undead                 Necromancy                   4
Comestibles
 c - a bread ration


   Skills:
 - Level 1.7 Dodging
 - Level 1.7 Stealth
 + Level 2.5 Spellcasting
 * Level 5.0 Necromancy


You had 5 spell levels left.
You knew the following spells:

 Your Spells              Type           Power        Failure   Level  Hunger
a - Pain                  Necr           ###.         2%          1    #......
b - Animate Skeleton      Necr           N/A          2%          1    #......


Dungeon Overview and Level Annotations

Branches:
Dungeon (2/15)

Altars:


Innate Abilities, Weirdness & Mutations

You have sharp fingernails.
You sometimes gain a little power by taking damage.


Message History

You climb downwards.
The worm barely misses you.
There is a stone staircase leading up here.
You hit the worm.
The worm is lightly wounded.
You hit the worm.
The worm is moderately wounded.
The worm bites you!
You hit the worm.
The worm is heavily wounded.
The worm bites you!
* * * LOW HITPOINT WARNING * * *
You are too injured to fight recklessly!
You are too injured to fight recklessly!
You are too injured to fight recklessly!
You are too injured to fight recklessly!
You are too injured to fight recklessly!
The worm misses you.
There is a stone staircase leading up here.
The worm bites you.
You die...

#.# #.# ## .....
...... .....
#.#.###
#.#..#####.....
#.#.#.#.#.#.###
........)....###
#.#.#.#.#.#.#.#....
..........w@...# ##
#.#.#.#.#.#.#.#....
#..............
#####).........
#..........
##+##...... ......
...... ......


You could see a worm.

Vanquished Creatures
  An orc (D:1)
  A goblin (D:1)
  6 hobgoblins
  6 kobolds (D:1)
  A ball python (D:1)
  4 giant cockroaches (D:1)
  A giant gecko (D:1)
  A giant newt (D:1)
  4 rats (D:1)
25 creatures vanquished.

Notes
Turn   | Place    | Note
--------------------------------------------------------------
     0 | D:1      | kae the Demonspawn Necromancer began the quest for the Orb.
     0 | D:1      | Reached XP level 1. HP: 13/13 MP: 3/3
   313 | D:1      | Gained mutation: You sometimes gain a little power by taking damage. [demonic ancestry]
   313 | D:1      | Reached XP level 2. HP: 13/19 MP: 0/5
   882 | D:1      | Learned a level 1 spell: Animate Skeleton
   960 | D:1      | Reached skill level 5 in Necromancy
  1034 | D:2      | Gained mutation: You have sharp fingernails. [demonic ancestry]
  1034 | D:2      | Reached XP level 3. HP: 17/24 MP: 3/6
  1315 | D:2      | Slain by a worm

Vault maps used:
D:1:      dpeg_arrival_rooms_c, nrook_mini_backslash, st_stairs_5
D:2:      cheibriados_altar_1, xom_butterflies, grunt_gozag_breadcrumbs,
          ecumenical_altar_1, st_stairs_13, minivault_24, serial_bayou_lagoon_a,
          kennysheep_generic_room_2

Action                   || total
-------------------------++-------
Melee: Whip              ||    21
 Cast: Pain              ||    42
 Stab: Sleeping          ||     1
  Eat: Chunk             ||     1
